 Dungeon Crawl Stone Soup version 0.19.1-1-g22dce08 (webtiles) character file.

1451 Alarkh the Cleaver (level 8, 56/58 HPs)
             Began as a Demonspawn Monk on Jan 4, 2017.
             Was an Initiate of Okawaru.
             Got out of the dungeon alive.
             The game lasted 00:16:15 (7275 turns).

Alarkh the Cleaver (Demonspawn Monk)                Turns: 7275, Time: 00:16:16

Health: 56/58      AC:  9    Str: 12    XL:     8   Next: 47%
Magic:  8/8        EV: 16    Int: 14    God:    Okawaru [......]
Gold:   174        SH:  0    Dex: 15    Spells: 0 memorised, 7 levels left

rFire  . . .     SeeInvis .     a - +1 hand axe (chop)
rCold  . . .     Gourm    .     b - +0 robe
rNeg   . . .     Faith    .     (no shield)
rPois  .         Spirit   .     (no helmet)
rElec  .         Reflect  .     f - +2 cloak {MR+}
rCorr  .         Harm     .     d - +0 pair of gloves
MR     +....                    (no boots)
Stlth  ++........               (no amulet)
                                t - +3 ring of protection
                                A - +2 ring of evasion

@: drained
A: repulsion field 1, demonic guardian 1, spiny 2
a: Renounce Religion


You escaped.
You worshipped Okawaru.
Okawaru was noncommittal.
You were not hungry.

You visited 2 branches of the dungeon, and saw 7 of its levels.
You also visited: Sewer.

You collected 174 gold pieces.

Inventory:

Hand Weapons
 a - a +1 hand axe of chopping (weapon)
Missiles
 D - 2 throwing nets (quivered)
Armour
 b - a +0 robe (worn)
 d - a +0 pair of gloves (worn)
 f - a +2 cloak of magic resistance (worn)
Jewellery
 q - an uncursed ring of wizardry
 t - a +3 ring of protection (right hand)
 z - an uncursed ring of see invisible
 A - a +2 ring of evasion (left hand)
Scrolls
 e - a scroll of identify
 g - a scroll of teleportation
 i - 5 scrolls of remove curse
 n - a scroll of recharging
 r - a scroll of fear
 w - a scroll of blinking
 J - 2 scrolls of fog
Potions
 h - 2 potions of haste {unknown}
 j - 3 potions of curing
 l - a potion of agility {unknown}
 m - 2 potions of magic
 o - 2 potions of might
 s - a potion of cure mutation
 v - 2 potions of brilliance
 C - a potion of degeneration
 E - a potion of resistance
 I - 2 potions of heal wounds
Books
 B - a book of Geomancy

   Spells                             Type                      Level
   a - Sandblast                      Earth                        1
   b - Passwall                       Transmutation/Earth          2
   c - Stone Arrow                    Conjuration/Earth            3
   d - Petrify                        Transmutation/Earth          4
   e - Lee's Rapid Deconstruction     Earth                        5
Comestibles
 c - 2 bread rations
 k - 3 meat rations
 p - 2 beef jerkies
 u - 16 fruits
 x - a chunk of flesh


   Skills:
 - Level 3.0(2.1) Fighting
 + Level 10.0(9.0) Axes
 - Level 2.6(1.8) Dodging
 - Level 1.7(0.9) Stealth


You had 7 spell levels left.
You didn't know any spells.

Dungeon Overview and Level Annotations

Branches:
Dungeon (6/15)             Temple (1/1) D:4

Altars:
Cheibriados
Dithmenos
Elyvilon
Fedhas
Gozag
Hepliaklqana
Kikubaaqudgha
Makhleb
Nemelex Xobeh
Okawaru
Qazlal
Sif Muna
Trog
Vehumet
Xom
Yredelemnul
The Shining One

Annotations:
D:5 Alarkh's ghost, novice DrMo


Innate Abilities, Weirdness & Mutations

You are surrounded by a mild repulsion field. (EV +2)
A weak demonic guardian rushes to your aid.
You are mostly covered in sharp spines.


Message History

(D) Dungeon (T) Temple
Where to? (Enter - D:1, ? - help)
Okay, then.
HP restored.
You see here a stone.
A hobgoblin comes into view.
The hobgoblin shouts!
You can't go up here!
The hobgoblin hits you.
You hit the hobgoblin.
You kill the hobgoblin!
Okawaru accepts your kill.
No target in view!
No target in view!
You see here a hobgoblin corpse.
(D) Dungeon (T) Temple
Where to? (Enter - D:1 @ (x,y), ? - help)
There is a staircase leading out of the dungeon here.
Are you sure you want to leave the Dungeon?
This will make you lose the game!
You have escaped!

#..###.........###...# #.##
##..^....## ##..# #.#
#.......# #..# #.##
##.......## ##..#
#..###.........###...#
#....................#
#....................######
#.†................).......
#.........@.........#######
#...................#......
#...................#.####.
#................†..#.#####
#..###.........###......###
#.## ##.......## ##......#.
#.# #.......# #......(.
#.## ##.......## ##....(#..
#..###.........###.)..(....


There were no monsters in sight!

Vanquished Creatures
  Pikel (D:5)
  A phantom (D:4)
  4 slaves
  2 ogres
  2 centaurs (D:5)
  A bullfrog (D:6)
  Blork the orc (D:5)
  A crimson imp (D:5)
  An orc priest (D:3)
  2 bullfrog skeletons
  Crazy Yiuf (D:5)
  A centaur skeleton (D:6)
  2 hounds
  2 jellies (D:5)
  A worker ant (D:4)
  A howler monkey zombie (D:5)
  4 gnolls
  8 adders
  A shadow imp (D:5)
  An ooze (D:3)
  An adder skeleton (D:5)
  A worm (D:5)
  4 dart slugs
  3 leopard geckos
  15 orcs
  6 ball pythons
  4 giant cockroaches
  10 goblins
  7 hobgoblins
  13 jackals
  14 kobolds
  2 quokkas
  A ball python skeleton (D:3)
  10 bats
  7 frilled lizards
  2 leopard gecko skeletons
  5 rats
  4 plants (Sewer)
147 creatures vanquished.

Vanquished Creatures (collateral kills)
  A necrophage (D:6)
1 creature vanquished.

Vanquished Creatures (others)
  A plant (Sewer)
1 creature vanquished.

Grand Total: 149 creatures vanquished

Notes
Turn   | Place    | Note
-------+----------+-------------------------------------------
     0 | D:1      | Alarkh the Demonspawn Monk began the quest for the Orb.
     0 | D:1      | Reached XP level 1. HP: 18/18 MP: 1/1
    49 | D:1      | Reached skill level 3 in Axes
   103 | D:1      | Gained mutation: You are partially covered in sharp spines. [demonic ancestry]
   103 | D:1      | Reached XP level 2. HP: 24/24 MP: 2/2
   555 | D:2      | Reached XP level 3. HP: 26/29 MP: 3/3
   723 | D:2      | Reached skill level 4 in Axes
  1385 | D:1      | Gained mutation: You are surrounded by a mild repulsion field. (EV +2) [demonic ancestry]
  1385 | D:1      | Reached XP level 4. HP: 17/35 MP: 4/4
  1628 | D:3      | Found a faded altar of an unknown god.
  1635 | D:3      | Became a worshipper of Hepliaklqana the Forgotten
  1635 | D:3      | Reached * piety under Hepliaklqana
  1635 | D:3      | Reached ** piety under Hepliaklqana
  1636 | D:3      | Fell from the grace of Hepliaklqana
  1983 | D:3      | Noticed an ogre
  2020 | D:3      | Killed an ogre
  2023 | D:3      | Was forgiven by Hepliaklqana
  2874 | D:4      | Reached skill level 5 in Axes
  3081 | D:4      | Noticed an ogre
  3115 | D:4      | Killed an ogre
  3115 | D:4      | Gained mutation: You are mostly covered in sharp spines. [demonic ancestry]
  3115 | D:4      | Reached XP level 5. HP: 23/41 MP: 5/5
  3317 | D:4      | Found a staircase to the Ecumenical Temple.
  3328 | Temple   | Entered the Ecumenical Temple
  3796 | D:5      | Entered Level 5 of the Dungeon
  3828 | D:5      | Reached skill level 6 in Axes
  3838 | D:5      | Found a deep blue altar of Sif Muna.
  3845 | D:5      | Found a glowing golden altar of the Shining One.
  3845 | D:5      | Found a snail-covered altar of Cheibriados.
  3845 | D:5      | Found a bloodstained altar of Trog.
  3906 | D:5      | Noticed Blork the orc
  3940 | D:5      | Reached XP level 6. HP: 47/47 MP: 6/6
  4065 | D:5      | Reached skill level 7 in Axes
  4184 | D:5      | Found a runed door.
  4234 | D:5      | Reached XP level 7. HP: 46/52 MP: 7/7
  4473 | D:5      | Noticed Crazy Yiuf
  4479 | D:5      | Killed Crazy Yiuf
  4534 | D:5      | Killed Blork the orc
  4814 | D:5      | Found an iron altar of Okawaru.
  4822 | D:5      | Became a worshipper of Warmaster Okawaru
  4831 | D:5      | Noticed Alarkh's ghost (novice DrMo)
  4832 | D:5      | Noticed Pikel
  4860 | D:4      | Reached skill level 8 in Axes
  5831 | D:6      | Found a glowing drain.
  5914 | Sewer    | Entered a sewer
  7117 | D:6      | Reached skill level 9 in Axes
  7117 | D:6      | Gained mutation: A weak demonic guardian rushes to your aid. [demonic ancestry]
  7117 | D:6      | Reached XP level 8. HP: 58/58 MP: 8/8
  7182 | D:5      | Killed Pikel
  7182 | D:5      | Reached skill level 10 in Axes
  7275 | D:$      | Got out of the dungeon alive.

Skill      XL: |  1  2  3  4  5  6  7  8 |
---------------+-------------------------+-----
Axes           | 3 4 5 6 7 9 10 | 10.0
Fighting       | |  3.0
Dodging        | |  2.6
Stealth        | |  1.7

Action                   |  1- 3 |  4- 6 |  7- 9 || total
-------------------------+-------+-------+-------++-------
Melee: Hand axe          |    77 |   170 |   346 ||   593
Invok: Renounce Religion |       |     1 |       ||     1
  Use: Potion            |     1 |     5 |     5 ||    11
       Scroll            |       |     8 |     8 ||    16
 Stab: Sleeping          |     2 |     8 |     2 ||    12
  Eat: Chunk             |     1 |    10 |    10 ||    21
Armor: Robe              |    19 |    27 |    27 ||    73
       Skin              |       |     3 |       ||     3
Dodge: Dodged            |    74 |   112 |   117 ||   303
